AoeStats
← zaferyavuz12345678910

Four Lakes

509182212Analyzed
1v1 RM · 6d ago on Sep 25, 2026· 20m 2s· 2 players
Game mode
Random Map
Map size
Tiny (2 player)
Population
200
Speed
Normal
Resources
Standard
Victory
Conquest
Starting age
Dark Age
Ending age
Imperial Age
RankedLock teamsTeams togetherTeam positionsShared explorationLock speedFull tech treeHidden civsTurbo modeCheats
Victory
Defeat
🇵🇱 Turks · Poland
696
+13
🇹🇷 Aztecs · Türkiye
631
-13
zaferyavuz12345678910
11:24 Feudal Age
12:57 Double-Bit Axe
14:44 Gold Mining
22:11 Castle Age
qapelu
12:19 Feudal Age
12:11 Loom
12:52 Double-Bit Axe
12:50 Horse Collar
14:36 Town Watch
15:29 Wheelbarrow
18:33 Castle Age
19:40 Hand Cart
Connection lost

Rejoining the realm…

Still unreachable

The connection could not be restored.

Session expired

The server has moved on; the page needs a fresh start.